 Dungeon Crawl Stone Soup version 0.23.2-1-ga50397a (webtiles) character file.

Game seed: 4917426682945883570

2 MalarOregon the Digger (level 1, 0/14 HPs)
             Began as a Ghoul Earth Elementalist on May 26, 2019.
             Slain by a jackal (3 damage)
             ... on level 1 of the Dungeon.
             The game lasted 00:00:50 (81 turns).

MalarOregon the Digger (Ghoul Earth Elementalist)     Turns: 81, Time: 00:00:51

Health: 0/14       AC:  2    Str: 11    XL:     1   Next: 40%
Magic:  0/2        EV: 12    Int: 10    God:
Gold:   6          SH:  0    Dex:  9    Spells: 3/4 levels left

rFire    . . .     SeeInvis .   (no weapon)
rCold    + . .     Gourm    .   (no shield)
rNeg     + + +     Faith    .   c - +0 robe
rPois    ∞         Spirit   .   (no helmet)
rElec    .         Reflect  .   (no cloak)
rCorr    .         Harm     .   (no gloves)
MR       .....                  (no boots)
Stlth    ++........             (no amulet)
HPRegen  0.00/turn              (no ring)
MPRegen  0.08/turn              (no ring)

@: rotting
A: rotting body, claws 1, carnivore, cold resistance 1, negative energy
resistance 3, inhibited regeneration, torment resistance, unbreathing
a: no special abilities


You were on level 1 of the Dungeon.
You were not hungry.

You visited 1 branch of the dungeon, and saw 1 of its levels.

You collected 6 gold pieces.

Inventory:

Missiles
 b - 26 stones (quivered)
Armour
 c - a +0 robe (worn)
Comestibles
 e - 2 rations {!d}


   Skills:
 - Level 1.7 Dodging
 - Level 2.1 Stealth
 + Level 2.0 Spellcasting
   Level 0.8 Transmutations
 - Level 3.2 Earth Magic


You had 3 spell levels left.
You knew the following spells:

 Your Spells              Type           Power        Failure   Level  Hunger
a - Sandblast             Erth           #.....       9%          1    ##.....

Your spell library contained the following spells:

 Spells                   Type           Power        Failure   Level  Hunger
 Passwall                 Tmut/Erth      #.......     21%         2    ###....
 Stone Arrow              Conj/Erth      #.....       43%         3    ####...
 Petrify                  Tmut/Erth      #.......     80%         4    #####..
 Lee's Rapid Deconstruct  Erth           #.........   92%         5    ######.


Dungeon Overview and Level Annotations

Branches:
Dungeon (1/15)

Altars:


Innate Abilities, Weirdness & Mutations

Your body is rotting away.
You thrive on raw meat.
You are immune to poison.
You have sharp fingernails.
You are carnivorous and can eat meat at any time.
Your flesh is cold resistant. (rC+)
You are immune to negative energy. (rN+++)
You do not regenerate when monsters are visible.
You are immune to unholy pain and torment.
You can survive without breathing.


Message History

You now have 6 gold pieces.
A jackal comes into view.
Found a ration.
You see here 14 gold pieces.
A jackal comes into view.
The jackal barks!
A jackal comes into view.
Aim: a jackal The blast of sand hits the jackal!
You kill the jackal!
b - 29 stones The jackal barks! x2
A jackal comes into view.
The jackal moves out of view.
You can't see any susceptible monsters within range! (Use Z to cast anyway.)
Aim: a jackal The blast of sand misses the jackal.
b - 28 stones You hear a bark!
The jackal misses you. The jackal closely misses you. The jackal bites you.
Aim: a jackal The blast of sand hits the jackal but does no damage.
b - 27 stones The jackal barely misses you.
The jackal bites you. The jackal barely misses you.
The jackal closely misses you. The jackal bites you.
The jackal closely misses you.
Aim: a jackal The blast of sand hits the jackal.
You kill the jackal!
Your Spellcasting skill increases to level 2!
b - 26 stones The jackal closely misses you.
The jackal barely misses you.
You barely miss the jackal. The jackal bites you.
You closely miss the jackal. The jackal barely misses you.
You scratch the jackal. The jackal misses you. The jackal closely misses you.
You barely miss the jackal. The jackal bites you.
* * * LOW HITPOINT WARNING * * *
You closely miss the jackal. The jackal bites you.
* * * LOW HITPOINT WARNING * * *
The jackal misses you.
You barely miss the jackal. The jackal bites you.
* * * LOW HITPOINT WARNING * * *
You closely miss the jackal. The jackal completely misses you.
You barely miss the jackal. The jackal bites you.
You die...

###..#.##.#
##..#
#.......#
#..##
##.#.####
##.##
###...####..#
###.......#
###.######
#.h##..###
##h#.....##
##@..##.<#
#########


You could see 2 jackals.

Vanquished Creatures
  2 jackals (D:1)
2 creatures vanquished.

Notes
Turn   | Place    | Note
-------+----------+-------------------------------------------
     0 | D:1      | MalarOregon the Ghoul Earth Elementalist began the quest
                  | for the Orb.
     0 | D:1      | Reached XP level 1. HP: 14/14 MP: 2/2
    81 | D:1      | Slain by a jackal

Skill      XL: |  1 |
---------------+----+-----
Spellcasting   | 2 |  2.0
Dodging        | |  1.7
Stealth        | |  2.1
Transmutations | |  0.8
Earth Magic    | |  3.2

Action                   || total
-------------------------++-------
Melee: Unarmed           ||     8
 Cast: Sandblast         ||     4
Dodge: Dodged            ||    13
